 Dungeon Crawl Stone Soup version 0.18-a0-1203-gbde16db (webtiles) character file.

22310 dvd the Thaumaturge (level 12, -2/76 HPs)
             Began as a High Elf Air Elementalist on Feb 1, 2016.
             Was a High Priest of Vehumet.
             Killed from afar by a lindwurm (30 damage)
             ... with a blast of flame
             ... on level 4 of the Lair of Beasts on Feb 2, 2016.
             The game lasted 01:48:11 (18866 turns).

dvd the Thaumaturge (High Elf Air Elementalist)    Turns: 18866, Time: 01:48:11

Health: -2/76      AC: 16    Str:  7    XL:     12   Next: 61%
Magic:  5/28       EV: 19    Int: 27    God:    Vehumet [*****.]
Gold:   874        SH:  0    Dex: 18    Spells: 10 memorised, 2 levels left

rFire  . . .     SeeInvis .     i - +2 short sword (elec)
rCold  + + +     Gourm    .     B - +3 leather armour {rPois}
rNeg   . . .     Faith    .     (no shield)
rPois  +         Spirit   .     R - +2 hat
rElec  .         Dismiss  +     Q - +2 cloak "Risa" {rC+++ MR- Int+4}
rCorr  .         Reflect  .     C - +0 pair of gloves
SustAt .         Harm     .     t - +2 pair of boots
MR     +....                    J - amulet of dismissal
Stlth  +++.......               m - ring of protection from magic
                                Z - +4 ring of slaying

@: flying, repel missiles, somewhat resistant to hostile enchantments, fairly
stealthy
A: no striking features
a: Renounce Religion


You were on level 4 of the Lair of Beasts.
You worshipped Vehumet.
Vehumet was extremely pleased with you.
You were very hungry.

You visited 3 branches of the dungeon, and saw 15 of its levels.

You collected 874 gold pieces.

Inventory:

Hand Weapons
 a - a +0 long sword
 i - a +2 short sword of electrocution (weapon)
 M - a +0 dagger of venom
 V - a +3 morningstar of freezing
 W - a +2 dagger of flaming
Armour
 d - the +1 scale mail of Follow the Leader {-Tele rPois rC+++ Str+4}
   (You found it on level 8 of the Dungeon)

   It affects your strength (+4).
   It renders you almost immune to cold.
   It protects you from poison.
   It prevents most forms of teleportation.
 t - a +2 pair of boots (worn)
 z - a +0 robe of fire resistance
 B - a +3 leather armour of poison resistance (worn)
 C - a +0 pair of gloves (worn)
 Q - the +2 cloak "Risa" (worn) {rC+++ MR- Int+4}
   (You acquired it on level 10 of the Dungeon)

   It affects your intelligence (+4).
   It renders you almost immune to cold.
   It affects your resistance to hostile enchantments.
 R - a +2 hat (worn)
 Y - a +0 robe of magic resistance
Jewellery
 k - an uncursed ring of stealth
 l - an uncursed ring of resist corrosion
 m - a ring of protection from magic (right hand)
 G - an uncursed ring of positive energy
 J - an amulet of dismissal (around neck)
 N - an uncursed ring of fire
 O - an uncursed amulet of rage
 Z - a +4 ring of slaying (left hand)
Wands
 f - a wand of confusion (24/48)
 o - a wand of draining (4/15)
 H - a wand of flame (12/48)
 L - a wand of polymorph (13/24)
 P - a wand of draining (6/15)
 U - a wand of disintegration (6/24)
 X - a wand of paralysis (11/24)
Scrolls
 g - 2 scrolls of magic mapping
 h - 2 scrolls of teleportation
 p - 6 scrolls of identify
 q - 3 scrolls of remove curse
 s - 3 scrolls of recharging
 v - a scroll of amnesia
 D - a scroll of enchant armour
 I - 2 scrolls of blinking
 K - a scroll of fear
Potions
 e - 2 potions of curing
 j - 2 potions of cure mutation
 A - 2 potions of resistance
 E - a potion of brilliance
 F - a potion of might
Books
 b - a book of Air

   Spells                             Type                      Level
   a - Shock                          Conjuration/Air              1
   b - Swiftness                      Charms/Air                   2
   c - Repel Missiles                 Charms/Air                   2
   d - Static Discharge               Conjuration/Air              3
   e - Lightning Bolt                 Conjuration/Air              5
 n - a Fen Folio

   Spells                             Type                      Level
   a - Corpse Rot                     Necromancy                   2
   b - Stone Arrow                    Conjuration/Earth            3
   c - Leda's Liquefaction            Hexes/Earth                  4
   d - Summon Forest                  Summoning/Translocation      5
   e - Hydra Form                     Transmutation                6
   f - Summon Hydra                   Summoning                    7
 y - a book of Summonings

   Spells                             Type                      Level
   a - Recall                         Summoning/Translocation      3
   b - Aura of Abjuration             Summoning                    5
   c - Summon Demon                   Summoning                    5
   d - Summon Forest                  Summoning/Translocation      5
   e - Summon Mana Viper              Hexes/Summoning              5
   f - Shadow Creatures               Summoning                    6
 S - a book of Conjurations

   Spells                             Type                      Level
   a - Magic Dart                     Conjuration                  1
   b - Searing Ray                    Conjuration                  2
   c - Dazzling Spray                 Conjuration/Hexes            3
   d - Fulminant Prism                Conjuration/Hexes            4
   e - Iskenderun's Mystic Blast      Conjuration                  4
   f - Iskenderun's Battlesphere      Conjuration/Charms           5
Miscellaneous
 u - a crystal ball of energy
Comestibles
 c - 7 bread rations
 r - 13 royal jellies
 w - 10 fruits
 T - 3 meat rations


   Skills:
 + Level 4.9 Fighting
 + Level 3.9(4.5) Short Blades
 + Level 3.3(4.2) Long Blades
 + Level 4.6 Armour
 + Level 10.0 Dodging
 + Level 6.1 Stealth
 + Level 11.9 Spellcasting
 + Level 9.7 Conjurations
 + Level 1.0 Hexes
 + Level 1.7 Charms
 + Level 1.0 Translocations
 + Level 1.5 Fire Magic
 + Level 1.2 Ice Magic
 + Level 10.8 Air Magic
 + Level 1.8 Evocations


You had 2 spell levels left.
You knew the following spells:

 Your Spells              Type           Power        Failure   Level  Hunger
a - Shock                 Conj/Air       ####         1%          1    None
b - Repel Missiles        Chrm/Air       ######       1%          2    None
c - Fulminant Prism       Conj/Hex       #####.....   2%          4    None
d - Flame Tongue          Conj/Fire      #####        1%          1    None
e - Searing Ray           Conj           ######       1%          2    None
f - Throw Frost           Conj/Ice       #####.       1%          2    None
g - Lightning Bolt        Conj/Air       ######....   1%          5    ###....
h - Force Lance           Conj/Tloc      #####...     2%          4    None
i - Freezing Cloud        Conj/Ice/Air   ######....   12%         6    #####..
j - Iskenderun's Battles  Conj/Chrm      #####...     4%          5    ###....


Dungeon Overview and Level Annotations

Branches:
Dungeon (10/15)            Temple (1/1) D:4            Lair (4/8) D:8
  Swamp (0/4) Lair:4        Snake (0/4) Lair:4          Orc (0/2) D:10

Altars:
Ashenzari
Cheibriados
Dithmenos
Elyvilon
Fedhas
Gozag
Kikubaaqudgha
Makhleb
Nemelex Xobeh
Okawaru
Pakellas
Qazlal
Ru
Sif Muna
Trog
Vehumet
Xom
Yredelemnul
Zin
The Shining One


Message History

Your battlesphere fires!
The barrage of energy hits the lindwurm.
The lindwurm is severely wounded.
The lindwurm misses you. The lindwurm completely misses you.
The lindwurm barely misses you.
Casting: Shock
Confirm with . or Enter, or press ? or * to list all spells.
Aiming: Shock
Press: ? - help, Shift-Dir - straight line, f/p - lindwurm
Aim: a lindwurm (severely wounded)
The zap hits the lindwurm.
The lindwurm appears unharmed.
The lindwurm is severely wounded.
The zap hits the lindwurm.
The lindwurm is almost dead.
Your battlesphere fires!
The barrage of energy hits the lindwurm.
The lindwurm is almost dead.
The lindwurm breathes flames at you. The blast of flame hits you!
You die...

#.......§§≈§§§≈≈≈≈§≈≈...#.....#
##P.....≈§≈§§§≈≈≈≈§≈§≈........##
^##....§§≈≈§§≈≈≈≈≈≈≈≈§§.......P#
####.§§§§§≈≈§≈≈≈≈≈≈§≈§≈≈......###
# ##..≈≈≈≈≈§≈....≈≈§≈≈≈§......#P#
###P.≈§≈≈§§...##.§*≈≈§§≈≈.....#.≈
.##..§≈≈≈≈§.§####..≈§≈§≈≈......≈≈
####.≈≈≈≈≈.§#/%/.#..≈§§§§§...≈≈≈≈
....≈≈≈≈≈≈.##(>k@##.≈≈§§≈§..≈≈≈≈.
.#P.≈≈≈§≈§†##(|)$##.≈≈§§§§.>.≈≈≈.
)##≈.≈§≈§§§.#.$[.#..§§≈≈§....≈≈..
####.§≈≈≈§§..####..≈≈≈≈≈≈....≈≈..
.###.≈§§§§§...##...≈≈≈§≈≈....≈≈≈.
P##..§§§≈§§§§§...§§≈≈≈≈≈§..)..≈≈≈
####.§§≈≈≈≈≈§§≈§§≈≈§≈§§§§...).≈≈≈
# #...§≈≈≈§≈≈≈§≈§≈≈≈≈§§§.......≈
# ##...≈§≈≈≈§≈§§≈≈§§≈...........


You could see a lindwurm and a friendly battlesphere.

Vanquished Creatures
  2 hydras
  The ghost of JustSomeDude the Skirmisher, a novice DsMo (D:9)
  Nergalle (Lair:2)
  2 lindwurms (Lair:4)
  An elephant (D:8)
  2 black mambas
  Maurice (D:8)
  4 spiny frogs
  3 komodo dragons
  2 trolls (D:10)
  A queen bee (D:10)
  Grinder (D:5)
  A two-headed ogre (D:10)
  3 giant leeches (Lair:3)
  13 blink frogs
  5 yaks (Lair:1)
  A wyvern (D:8)
  A basilisk (Lair:3)
  3 hungry ghosts
  10 wolves
  3 hippogriffs
  2 swamp worms (Lair:4)
  2 nagas (Lair:4)
  A soldier ant (D:10)
  4 water moccasins
  A mottled dragon (D:10)
  2 orc warriors
  4 porcupines
  3 ice beasts
  6 sky beasts
  A wasp (D:8)
  2 phantoms
  A necrophage (D:9)
  An eye of draining (D:10)
  3 black bears (D:7)
  4 ogres
  A centaur (D:10)
  4 crocodiles
  2 big kobolds
  12 giant frogs
  A gnoll sergeant (D:4)
  A wyvern skeleton (D:8)
  4 scorpions
  28 killer bees
  6 wights
  2 electric eels (D:10)
  2 crimson imps
  2 giant frog zombies
  2 quasits
  A wasp zombie (D:6)
  2 centaur skeletons
  2 centaur zombies
  4 hounds
  2 gnoll shamans
  2 orc priests
  A giant frog skeleton (D:7)
  9 orc wizards
  Ijyb (D:3)
  Terence (D:3)
  5 iguanas
  11 worker ants
  A sheep (D:8)
  8 ogre zombies (D:10)
  A wasp simulacrum (D:10)
  2 hound skeletons
  2 worker ant zombies
  9 river rats (Lair:2)
  10 adders
  15 gnolls
  2 shadow imps
  3 oozes
  An adder zombie (D:7)
  3 worms
  12 giant geckos
  36 orcs
  2 ball pythons
  4 bats
  4 giant cockroaches
  11 goblins
  8 hobgoblins
  15 jackals
  3 quokkas
  A ball python skeleton (D:6)
  A giant gecko skeleton (D:5)
  3 giant newts
  A goblin skeleton (D:10)
  2 goblin zombies (D:10)
  2 hobgoblin skeletons (D:10)
  4 hobgoblin zombies (D:10)
  A jackal zombie (D:6)
  17 kobolds
  4 orc skeletons (D:10)
  11 orc zombies (D:10)
  14 rats
419 creatures vanquished.

Vanquished Creatures (others)
  12 fulminant prisms
  2 fungi
14 creatures vanquished.

Grand Total: 433 creatures vanquished

Notes
Turn   | Place    | Note
--------------------------------------------------------------
     0 | D:1      | dvd the High Elf Air Elementalist began the quest for the Orb.
     0 | D:1      | Reached XP level 1. HP: 11/11 MP: 4/4
   258 | D:1      | Reached XP level 2. HP: 17/17 MP: 2/6
   261 | D:1      | Reached skill level 4 in Air Magic
   467 | D:1      | Learned a level 2 spell: Repel Missiles
   955 | D:1      | Reached XP level 3. HP: 21/21 MP: 5/8
  1120 | D:2      | Found a radiant altar of Vehumet.
  1129 | D:2      | Became a worshipper of Vehumet
  1682 | D:3      | Reached XP level 4. HP: 27/27 MP: 2/9
  1799 | D:3      | Found a blossoming altar of Fedhas.
  1822 | D:3      | Noticed Terence
  1824 | D:3      | Noticed Ijyb
  1845 | D:3      | Killed Terence
  1895 | D:3      | Killed Ijyb
  1895 | D:3      | Reached XP level 5. HP: 16/31 MP: 0/11
  2126 | D:3      | Learned a level 3 spell: Static Discharge
  2228 | D:3      | Reached * piety under Vehumet
  2228 | D:3      | Offered knowledge of Flame Tongue by Vehumet.
  2234 | D:3      | Learned a level 1 spell: Flame Tongue
  2753 | D:4      | Noticed a phantom
  3122 | D:4      | Killed a phantom
  3122 | D:4      | Reached skill level 5 in Air Magic
  3190 | D:4      | Found a stormy altar of Qazlal.
  3259 | D:4      | Reached XP level 6. HP: 35/37 MP: 13/13
  3276 | D:4      | Reached skill level 1 in Armour
  3440 | D:4      | Found a staircase to the Ecumenical Temple.
  3615 | Temple   | Entered the Ecumenical Temple
  3825 | D:4      | Reached skill level 1 in Long Blades
  3857 | D:4      | Reached XP level 7. HP: 30/42 MP: 2/15
  4006 | D:4      | Reached skill level 1 in Fighting
  4179 | D:4      | Reached skill level 5 in Spellcasting
  4411 | D:5      | Entered Level 5 of the Dungeon
  4562 | D:5      | Found a deep blue altar of Sif Muna.
  4562 | D:5      | Noticed Grinder
  4574 | D:5      | Killed Grinder
  4574 | D:5      | Reached skill level 6 in Air Magic
  4670 | D:5      | Reached XP level 8. HP: 45/48 MP: 7/17
  4861 | D:5      | Reached ** piety under Vehumet
  4861 | D:5      | Offered knowledge of Searing Ray by Vehumet.
  4866 | D:5      | Learned a level 2 spell: Searing Ray
  5130 | D:5      | Found a sacrificial altar of Ru.
  5403 | D:6      | Found an oddly glowing altar of Pakellas.
  5407 | D:6      | Found an opulent altar of Gozag.
  5575 | D:6      | Reached skill level 1 in Fire Magic
  5965 | D:6      | Reached skill level 7 in Air Magic
  6331 | D:7      | Reached skill level 5 in Conjurations
  6469 | D:7      | Offered knowledge of Throw Frost by Vehumet.
  6630 | D:7      | Learned a level 2 spell: Throw Frost
  6637 | D:7      | Learned a level 5 spell: Lightning Bolt
  6860 | D:7      | Reached XP level 9. HP: 54/54 MP: 14/20
  7147 | D:7      | Reached *** piety under Vehumet
  7831 | D:7      | Reached skill level 5 in Stealth
  7876 | D:7      | Identified a scroll of acquirement
  8175 | D:7      | Gained mutation: You are resistant to hostile enchantments. [potion of mutation]
  8175 | D:7      | Gained mutation: You are dopey. (Int -2) [potion of mutation]
  8175 | D:7      | Gained mutation: You have sharp toenails. [potion of mutation]
  8252 | D:8      | Offered knowledge of Olgreb's Toxic Radiance by Vehumet.
  8536 | D:8      | Reached skill level 8 in Spellcasting
  8552 | D:8      | Noticed an elephant
  8590 | D:8      | Reached skill level 5 in Dodging
  8613 | D:8      | Killed an elephant
  8794 | D:8      | Found a burning altar of Makhleb.
  8941 | D:8      | Reached XP level 10. HP: 61/61 MP: 2/23
  9140 | D:8      | Got a distressingly furry scale mail
  9322 | D:8      | Found a staircase to the Lair.
  9548 | D:8      | Reached **** piety under Vehumet
  9678 | D:8      | Learned a level 4 spell: Fulminant Prism
  9812 | D:8      | Noticed Maurice
  9828 | D:8      | Offered knowledge of Force Lance by Vehumet.
  9935 | D:8      | Killed Maurice
  9935 | D:8      | Reached skill level 1 in Short Blades
  9935 | D:8      | Reached skill level 9 in Spellcasting
  9935 | D:8      | Reached skill level 1 in Ice Magic
  9935 | D:8      | Reached skill level 1 in Evocations
  9963 | D:8      | Identified the +1 scale mail of Follow the Leader {-Tele rPois rC+++ Str+4} (You found it on level 8 of the Dungeon)
 10097 | D:9      | Noticed JustSomeDude's ghost (novice DsMo)
 10149 | D:8      | Learned a level 4 spell: Force Lance
 10718 | D:9      | Found an iron altar of Okawaru.
 10902 | D:9      | Found a bloodstained altar of Trog.
 10983 | D:8      | Learned a level 4 spell: Iskenderun's Mystic Blast
 10993 | D:9      | Killed JustSomeDude's ghost
 11138 | D:10     | Entered Level 10 of the Dungeon
 11567 | D:10     | Reached ***** piety under Vehumet
 11567 | D:10     | Reached skill level 10 in Spellcasting
 11759 | D:10     | Found a staircase to the Orcish Mines.
 11888 | D:10     | Got a twisted cloak
 11899 | D:10     | Identified the +2 cloak "Risa" {rC+++ MR- Int+4} (You acquired it on level 10 of the Dungeon)
 12021 | D:10     | Offered knowledge of Bolt of Draining by Vehumet.
 12022 | D:10     | Reached XP level 11. HP: 39/67 MP: 3/26
 13392 | Lair:1   | Entered Level 1 of the Lair of Beasts
 15121 | Lair:2   | Learned a level 5 spell: Iskenderun's Battlesphere
 15449 | Lair:2   | Reached skill level 11 in Spellcasting
 15636 | Lair:2   | Reached skill level 10 in Air Magic
 15636 | Lair:2   | Reached XP level 12. HP: 74/74 MP: 28/28
 15970 | Lair:2   | Noticed Nergalle
 16150 | Lair:2   | Killed Nergalle
 16347 | Lair:3   | Lost mutation: You are resistant to hostile enchantments. [potion of cure mutation]
 16347 | Lair:3   | Lost mutation: You have sharp toenails. [potion of cure mutation]
 16347 | Lair:3   | Lost mutation: You are dopey. (Int -2) [potion of cure mutation]
 16594 | Lair:3   | Noticed a five-headed hydra
 16600 | Lair:3   | Killed a five-headed hydra
 17157 | Lair:3   | Reached skill level 1 in Charms
 17157 | Lair:3   | Offered knowledge of Freezing Cloud by Vehumet.
 17437 | Lair:4   | Learned a level 6 spell: Freezing Cloud
 17711 | Lair:4   | Reached skill level 1 in Hexes
 18263 | Lair:4   | Noticed a four-headed hydra
 18266 | Lair:4   | Killed a four-headed hydra
 18421 | Lair:4   | Found a staircase to the Swamp.
 18525 | Lair:4   | Found a staircase to the Snake Pit.
 18742 | Lair:4   | Reached skill level 10 in Dodging
 18744 | Lair:4   | Reached skill level 1 in Translocations
 18866 | Lair:4   | Killed from afar by a lindwurm

Vault maps used:
D:1:      dpeg_arrival_ratfight, minivault_19, minmay_misc_feat_pillars,
          minmay_cut_off
D:2:      vehumet_crystals
D:3:      fedhas_altar_3, first_bread, uniq_iyjb, uniq_terence
D:4:      nicolae_qazlal_general_emergency, minmay_temple_entry_glass
D:5:      old_standard_altar, basic_altar, hangedman_minor_gate_pass,
          uniq_grinder
D:6:      nicolae_overflow_hidden_temple, minmay_misc_feat_four_crosses
D:8:      marbit_many_paths, david_lair_generic, serial_park,
          serial_park_tiny_pond, serial_park_tiny_2, serial_park_tiny_2,
          serial_park_square2, serial_park_tiny_1, uniq_maurice
D:9:      grunt_temple_overflow_bloody_war
D:10:     zombieorc2_lemuel, special_room, serial_ice, serial_ice_b,
          serial_ice_j, serial_ice_a, serial_ice_c
Temple:   triangle_lava_temple_11
Lair:2:   st_stairs_12, uniq_nergalle
Lair:4:   minmay_swamp_entry_worms, guppyfry_snake_entry_island,
          minmay_lindwurm_lava, lemuel_fruit_tree

Action                   |  1- 3 |  4- 6 |  7- 9 | 10-12 || total
-------------------------+-------+-------+-------+-------++-------
Melee: Unarmed           |     8 |       |       |       ||     8
       Short sword       |     7 |    41 |    21 |   322 ||   391
       Falchion          |       |    45 |    69 |       ||   114
       Long sword        |       |       |    18 |       ||    18
       Dagger            |       |       |       |    18 ||    18
 Cast: Shock             |    79 |   106 |   230 |    83 ||   498
       Repel Missiles    |     1 |     1 |       |       ||     2
       Flame Tongue      |       |    13 |    10 |    11 ||    34
       Searing Ray       |       |       |    19 |    30 ||    49
       Lightning Bolt    |       |       |    16 |   139 ||   155
       Throw Frost       |       |       |     6 |     4 ||    10
       Iskenderun's Myst |       |       |       |    11 ||    11
       Fulminant Prism   |       |       |       |    13 ||    13
       Force Lance       |       |       |       |    14 ||    14
       Iskenderun's Batt |       |       |       |     9 ||     9
       Freezing Cloud    |       |       |       |     2 ||     2
Evoke: Wand              |       |       |     4 |    14 ||    18
  Use: Potion            |       |     2 |     8 |    11 ||    21
       Scroll            |       |     1 |    18 |     7 ||    26
 Stab: Sleeping          |     1 |     1 |     8 |       ||    10
       Distracted        |       |       |       |     2 ||     2
       Paralysed         |       |       |       |     1 ||     1
  Eat: Chunk             |     2 |     4 |    16 |    35 ||    57
       Meat ration       |       |     1 |       |     2 ||     3
       Fruit             |       |       |     1 |     4 ||     5
       Pizza             |       |       |       |     1 ||     1
       Beef jerky        |       |       |       |     1 ||     1
       Royal jelly       |       |       |       |     3 ||     3
